 Dungeon Crawl Stone Soup version 0.23-a0-650-ga4d50d4 (webtiles) character file.

378 Borgoz the Skirmisher (level 6, -3/56 HPs)
             Began as a Hill Orc Fighter on Jan 2, 2019.
             Slain by a gnoll
             ... wielding a +0 flail
              (7 damage)
             ... on level 3 of the Dungeon.
             The game lasted 00:07:27 (2244 turns).

Borgoz the Skirmisher (Hill Orc Fighter)            Turns: 2244, Time: 00:07:28

Health: -3/56      AC:  7    Str: 20    XL:     6   Next: 74%
Magic:  6/6        EV:  8    Int:  8    God:
Gold:   163        SH:  9    Dex: 11    Spells: 5/5 levels left

rFire    . . .     SeeInvis .   a - +0 war axe
rCold    . . .     Gourm    .   c - +0 shield
rNeg     . . .     Faith    .   b - +0 scale mail
rPois    .         Spirit   .   (no helmet)
rElec    .         Reflect  .   (no cloak)
rCorr    .         Harm     .   (no gloves)
MR       .....                  (no boots)
Stlth    ..........             (no amulet)
HPRegen  0.18/turn              (no ring)
MPRegen  0.10/turn              (no ring)

@: no status effects
A: no striking features
a: no special abilities


You were on level 3 of the Dungeon.
You were not hungry.

You visited 1 branch of the dungeon, and saw 4 of its levels.

You collected 163 gold pieces.

Inventory:

Hand Weapons
 a - a +0 war axe (weapon)
Armour
 b - a +0 scale mail (worn)
 c - a +0 shield (worn)
Scrolls
 e - 7 scrolls of identify {unknown}
 h - 5 scrolls of remove curse {unknown}
 k - 3 scrolls of teleportation {unknown}
 l - 2 scrolls of fear {unknown}
 m - a scroll of amnesia {unknown}
 p - a scroll of blinking {unknown}
 q - a scroll of enchant armour {unknown}
 r - a scroll of enchant weapon {unknown}
 s - a scroll of magic mapping {unknown}
Potions
 d - a potion of might
 g - a potion of resistance {unknown}
 i - a potion of berserk rage {unknown}
 j - 3 potions of curing {unknown}
 n - a potion of flight {unknown}
 o - a potion of agility {unknown}
Comestibles
 f - 4 rations
 t - a chunk of flesh


   Skills:
 + Level 5.0 Fighting
 + Level 4.6 Axes
 + Level 4.6 Armour
 + Level 2.1 Dodging
 + Level 4.7 Shields


You had 5 spell levels left.
You didn't know any spells.
Your spell library was empty.

Dungeon Overview and Level Annotations

Branches:
Dungeon (4/15)
 Temple: D:4-7

Altars:
Ru


Message History

There is a stone staircase leading down here.
There is a stone staircase leading down here.
There is a stone staircase leading down here.
There is a stone staircase leading down here.
There is a stone staircase leading down here.
There is a stone staircase leading down here.
There is a stone staircase leading down here.
There is a stone staircase leading down here.
There is a stone staircase leading down here.
There is a stone staircase leading down here.
There is a stone staircase leading down here.
There is a stone staircase leading down here.
There is a stone staircase leading down here.
There is a stone staircase leading down here.
There is a stone staircase leading down here.
There is a stone staircase leading down here.
There is a stone staircase leading down here.
There is a stone staircase leading down here.
The orc hits you but does no damage. The gnoll hits you with a +0 flail!
You die...

..####...##.##...####.
#...#
.....###..#.#..###...##
#...#
....>..##)###.##......#
#...#
........#..#..#.......#
#...#
........##.#.##.......#
#...#
.........#.#.#........#
#...#
.........#...#........#
#####
.........##.##.go....#
...).....##.#..o@...##
..#.....###.#.###..##
###.##### #.#. .....
......# #.# .#####
......# ..# .# .....<#
... .. ####### .. ..


You could see a gnoll and 2 orcs.

Vanquished Creatures
  A vampire bat (D:3)
  2 orc wizards (D:4)
  2 worker ants (D:4)
  A gnoll (D:1)
  6 adders
  An adder skeleton (D:4)
  2 worms (D:2)
  2 dart slugs
  3 fire bats (D:3)
  2 leopard geckos
  3 orcs
  2 spectral bats (D:3)
  A ball python (D:3)
  14 bats
  3 bat skeletons (D:3)
  A bat zombie (D:3)
  5 giant cockroaches
  9 goblins
  7 hobgoblins
  2 jackals (D:1)
  5 kobolds
  3 quokkas
  A bat simulacrum (D:3)
  5 frilled lizards
  6 rats
89 creatures vanquished.

Notes
Turn   | Place    | Note
-------+----------+-------------------------------------------
     0 | D:1      | Borgoz the Hill Orc Fighter began the quest for the Orb.
     0 | D:1      | Reached XP level 1. HP: 19/19 MP: 1/1
    98 | D:1      | Reached XP level 2. HP: 26/27 MP: 2/2
   244 | D:1      | Reached XP level 3. HP: 24/33 MP: 3/3
   343 | D:1      | Reached skill level 4 in Fighting
   650 | D:2      | Reached skill level 1 in Dodging
   740 | D:2      | Reached XP level 4. HP: 35/40 MP: 4/4
  1476 | D:3      | Reached XP level 5. HP: 43/47 MP: 5/5
  1494 | D:3      | Found a sacrificial altar of Ru.
  1604 | D:3      | Reached XP level 6. HP: 33/53 MP: 6/6
  2143 | D:4      | Reached skill level 5 in Fighting
  2244 | D:3      | Slain by a gnoll

Vault maps used:
D:1:      shiori_arrival_oz, roderic_roman_lattice, minmay_pentomino_s2
D:3:      minmay_general_purpose_star, nicolae_ru_awakened_eye, first_ration,
          goddamned_bats

Skill      XL: |  1  2  3  4  5  6 |
---------------+-------------------+-----
Axes           | 3 4 |  4.6
Fighting       | 4 5 |  5.0
Dodging        | 1 2 |  2.1
Shields        | 4 |  4.7
Armour         | 4 |  4.6

Action                   |  1- 3 |  4- 6 || total
-------------------------+-------+-------++-------
Melee: War axe           |   111 |   163 ||   274
  Eat: Chunk             |       |     2 ||     2
       Ration            |       |     1 ||     1
Armor: Scale mail        |    67 |   145 ||   212
Dodge: Dodged            |    43 |    84 ||   127
Block: Shield            |    67 |   129 ||   196

Table legend:
 A = Non-vault XP
 B = Vault XP
 C = Vault XP percentage of total XP
 D = Non-vault monster count
 E = Vault monster count
 F = Vault count percentage of total count
                 A         B        C        D         E       F
            +---------+---------+-------+---------+---------+-------
      Total |     341 |     199 |  36.9 |      64 |      25 |  28.1
            +---------+---------+-------+---------+---------+-------
        D:1 |      56 |       6 |   9.7 |      24 |       3 |  11.1
        D:2 |      60 |       0 |   0.0 |      16 |       0 |   0.0
        D:3 |      50 |     193 |  79.4 |      14 |      22 |  61.1
        D:4 |     175 |       0 |   0.0 |      10 |       0 |   0.0
            +---------+---------+-------+---------+---------+-------
